[Event "Titled Tuesday Blitz March 21 Early 2023"]
[White "Rustemov, Alexander"]
[Black "Demin, Vladimir"]
[WhiteFideId "4119002"]
[BlackFideId "4167457"]
[WhiteElo "2863"]
[BlackElo "2627"]
[Result "1/2-1/2"]
[Round "04"]
[TimeControl "180+2"]
[Date "2023.03.21"]
[WhiteClock "0:00:04"]
[BlackClock "0:00:09"]

1. d4 d5 2. c4 e6 3. Nc3 Nf6 4. cxd5 exd5 5. Bg5 Be7 6. e3 Bg4 7. Qb3 Nbd7 8. Be2 Bxe2 9. Ngxe2 O-O 10. Bxf6 Nxf6 11. Qxb7 Rb8 12. Qc6 Rxb2 13. O-O Qd6 14. Qxd6 Bxd6 15. Rab1 Rfb8 16. Rxb2 Rxb2 17. Rb1 Rxb1+ 18. Nxb1 Kf8 19. Nbc3 c6 20. h3 Ke7 21. Kf1 Bb4 22. Na4 Kd6 23. Nf4 Ne4 24. Nd3 Ba3 25. Ke2 g5 26. f3 Ng3+ 27. Kf2 Nf5 28. g4 Ne7 29. e4 f6 30. Ke3 Ng6 31. Nc3 Ke6 32. exd5+ cxd5 33. Nb5 Bd6 34. Nxa7 Bf4+ 35. Ke2 Bc7 36. Nb5 Bb6 37. Ke3 Kd7 38. Nc3 Kd6 39. Ne2 Ne5 40. Nxe5 fxe5 41. Kd3 exd4 42. f4 gxf4 43. Nxf4 Ke5 44. Ne2 Bc5 45. a4 Bb6 46. h4 Ba5 47. h5 Bb6 48. g5 Kf5 49. g6 hxg6 50. h6 Kf6 51. Nf4 Kf7 52. Nxd5 Ba5 53. Kc4 g5 54. Kxd4 Kg6 55. Ne3 Kxh6 56. Nc4 Bb4 57. Ke4 Kh5 58. Kf3 g4+ 59. Kg2 Kh4 60. Ne3 Kg5 61. Kg3 Be1+ 62. Kg2 Ba5 63. Kg3 Bc7+ 64. Kg2 Ba5 65. Kg3 Bc7+ 66. Kg2 Ba5 1/2-1/2


[Site "https://www.chess.com"]

[Event "Titled Tuesday Blitz March 21 Early 2023"]
[White "Gharibyan, Mamikon"]
[Black "Khumalo, Keith"]
[WhiteFideId "13308300"]
[BlackFideId "14319470"]
[WhiteElo "2445"]
[BlackElo "2056"]
[Result "1-0"]
[Round "04"]
[TimeControl "180+2"]
[Date "2023.03.21"]
[WhiteClock "0:00:17"]
[BlackClock "0:01:36"]

1. e4 c5 2. Nf3 d6 3. d4 cxd4 4. Qxd4 Nf6 5. Nc3 Nc6 6. Bb5 Bd7 7. Bxc6 Bxc6 8. O-O e6 9. Bg5 Be7 10. Rad1 O-O 11. Rfe1 Rc8 12. h3 h6 13. Bh4 Qa5 14. Bg3 Rfd8 15. a3 a6 16. Nd2 Qc7 17. Nc4 e5 18. Qb6 Bxe4 19. Nxe4 Qxc4 20. Nxd6 Qxc2 21. Nxc8 Rxd1 22. Nxe7+ Kf8 23. Rxd1 Qxd1+ 24. Kh2 Kxe7 25. Qxb7+ Nd7 26. Qxa6 f5 27. Qg6 f4 28. Qxg7+ Kd6 29. Qxh6+ Kd5 30. Bh4 f3 31. Qh5 Nc5 32. Qxf3+ Qxf3 33. gxf3 Nd3 34. b3 Ne1 35. Kg3 1-0


[Site "https://www.chess.com"]

[Event "Titled Tuesday Blitz March 21 Early 2023"]
[White "Ozates, Tuna"]
[Black "Vakhlamov, Igor L."]
[WhiteFideId "6354521"]
[BlackFideId "24126748"]
[WhiteElo "2151"]
[BlackElo "2400"]
[Result "1/2-1/2"]
[Round "04"]
[TimeControl "180+2"]
[Date "2023.03.21"]
[WhiteClock "0:00:09"]
[BlackClock "0:00:09"]

1. e4 c5 2. Nc3 e6 3. g3 d5 4. Bg2 dxe4 5. Nxe4 Nc6 6. Nf3 Be7 7. O-O Nf6 8. Re1 O-O 9. d3 Bd7 10. h3 Rc8 11. Be3 b6 12. Qe2 c4 13. Rad1 Qc7 14. Bf4 e5 15. Nxf6+ Bxf6 16. Bg5 Bxg5 17. Nxg5 h6 18. Nf3 cxd3 19. cxd3 Rfe8 20. Qe3 Qd6 21. Nd2 Be6 22. Nc4 Bxc4 23. dxc4 Nd4 24. Bd5 Qf6 25. Rd2 Rcd8 26. Kg2 g6 27. Red1 Kg7 28. b4 h5 29. h4 Re7 30. Re1 Rdd7 31. Qe4 a5 32. a3 axb4 33. axb4 Qd6 34. b5 Qf6 35. Ra1 Nb3 36. Rda2 Nxa1 37. Rxa1 Qf5 38. Qe3 Rd6 39. Ra6 Qf6 40. Bc6 Rxc6 41. bxc6 Qxc6+ 42. Kg1 Qxc4 43. Rxb6 Qd5 44. Qg5 Re6 45. Rxe6 Qxe6 46. Qe3 Qf5 47. Kg2 Qf6 48. Kg1 Qd6 49. Kg2 Qd5+ 50. Kg1 Qd4 51. Qe1 Kf6 52. Qe2 Qd5 53. Qe3 Ke6 54. Qb6+ Qd6 55. Qb3+ Kf6 56. Qf3+ Kg7 57. Qe3 f5 58. Qe2 Qf6 59. Qd2 f4 60. Kg2 fxg3 61. fxg3 Qc6+ 62. Kf2 Qc5+ 63. Kg2 Qd4 64. Qc2 Qd5+ 65. Kf2 Kf6 66. Qc1 Qd4+ 67. Kg2 Qd5+ 68. Kf2 e4 69. Qc3+ Kf5 70. Qc1 Qd4+ 71. Kg2 Qd5 72. Qg5+ Ke6 73. Qxg6+ Kd7 74. Qg7+ Kc6 75. Qc3+ Kd6 76. Qf6+ Kc5 77. Qc3+ Kd6 78. Qf6+ Qe6 79. Qd4+ Ke7 80. Qg7+ Kd6 81. Qd4+ Kc6 82. Qc3+ Kb5 83. Qb2+ Kc5 84. Qc3+ Qc4 85. Qe5+ Qd5 86. Qc3+ Kb5 87. Qb2+ Ka4 88. Qa1+ Kb4 89. Qb2+ Qb3 90. Qd4+ Qc4 91. Qb2+ Kc5 92. Qe5+ Kb4 93. Qb2+ Ka5 94. Qa3+ Kb5 95. Qb2+ Kc5 96. Qe5+ 1/2-1/2


[Site "https://www.chess.com"]

[Event "Titled Tuesday Blitz March 21 Early 2023"]
[White "Perez Ponsa, Federico"]
[Black "Vlassov, Nikolai"]
[WhiteFideId "117927"]
[BlackFideId "4103360"]
[WhiteElo "2592"]
[BlackElo "2324"]
[Result "1-0"]
[Round "04"]
[TimeControl "180+2"]
[Date "2023.03.21"]
[WhiteClock "0:00:46"]
[BlackClock "0:00:04"]

1. d4 Nf6 2. c4 Nc6 3. Nc3 e5 4. d5 Ne7 5. d6 Ng6 6. dxc7 Qxc7 7. e4 Bc5 8. Bd3 a6 9. Bg5 d6 10. Nf3 Ng4 11. O-O h6 12. Bd2 O-O 13. Nd5 Qd8 14. b4 Ba7 15. h3 Nf6 16. Rc1 Nxd5 17. cxd5 f5 18. exf5 Bxf5 19. Bxf5 Rxf5 20. Qe2 Qf6 21. Rc7 Rb8 22. Qe4 Bb6 23. Rd7 Rh5 24. Qg4 Nf8 25. Rxg7+ Qxg7 26. Qxh5 e4 27. Bxh6 Qg6 28. Qxg6+ Nxg6 29. Nd2 Re8 30. Re1 Re5 31. Nxe4 Kh8 32. Bc1 Rxd5 33. Bb2+ Ne5 34. Nxd6 Bd4 35. Bxd4 Rxd4 36. Rxe5 Rxd6 37. Re8+ 1-0


[Site "https://www.chess.com"]

[Event "Titled Tuesday Blitz March 21 Early 2023"]
[White "Ozen, Bahadir"]
[Black "Gontcharov, Vladislav"]
[WhiteFideId "6337058"]
[BlackFideId "4123492"]
[WhiteElo "2503"]
[BlackElo "2470"]
[Result "1/2-1/2"]
[Round "04"]
[TimeControl "180+2"]
[Date "2023.03.21"]
[WhiteClock "0:01:44"]
[BlackClock "0:01:49"]

1. d4 Nf6 2. Nf3 e6 3. c4 b6 4. g3 Bb7 5. Bg2 Bb4+ 6. Bd2 Be7 7. O-O O-O 8. Nc3 Ne4 9. Nxe4 Bxe4 10. Nh4 Bxg2 11. Nxg2 d5 12. Qa4 c5 13. dxc5 Bxc5 14. cxd5 Qxd5 15. Be3 Bxe3 16. Nxe3 Qd7 17. Qe4 Na6 18. Rfd1 Qb5 19. Qc4 Qxc4 20. Nxc4 Rac8 21. b3 Rfd8 22. Rac1 1/2-1/2


[Site "https://www.chess.com"]

[Event "Titled Tuesday Blitz March 21 Early 2023"]
[White "Filgueira, Hernan"]
[Black "Ashraf, Artin"]
[WhiteFideId "101770"]
[BlackFideId "22514805"]
[WhiteElo "2363"]
[BlackElo "2188"]
[Result "1-0"]
[Round "04"]
[TimeControl "180+2"]
[Date "2023.03.21"]
[WhiteClock "0:00:17"]
[BlackClock "0:00:08"]

1. c4 c5 2. Nf3 Nc6 3. Nc3 g6 4. e3 Nf6 5. d4 cxd4 6. exd4 d5 7. cxd5 Nxd5 8. Bc4 Nxc3 9. bxc3 Bg7 10. O-O O-O 11. Re1 b6 12. Bg5 Re8 13. Qb3 Rf8 14. Bb5 Na5 15. Qa3 Qd5 16. Bd3 Bf5 17. Bxf5 Qxf5 18. Bxe7 Rfc8 19. Bg5 Rc7 20. Rac1 Rac8 21. h3 Qd3 22. Re3 Qb5 23. Re7 Bf8 24. Rce1 Rxc3 25. Qd6 Bxe7 26. Bxe7 Rc1 27. Rxc1 Rxc1+ 28. Kh2 Rc8 29. Ne5 Qe8 30. Ng4 Qc6 31. Qe5 Nc4 32. Nh6# 1-0


[Site "https://www.chess.com"]

[Event "Titled Tuesday Blitz March 21 Early 2023"]
[White "Kobo, Ori"]
[Black "Alex_Sahakyan2006"]
[WhiteFideId "2812320"]
[WhiteElo "2447"]
[BlackElo "2615"]
[Result "1-0"]
[Round "04"]
[TimeControl "180+2"]
[Date "2023.03.21"]
[WhiteClock "0:00:07"]
[BlackClock "0:00:01"]

1. e4 c5 2. Nc3 Nc6 3. Bb5 Nd4 4. Nf3 e6 5. O-O a6 6. Bd3 Nc6 7. b3 g5 8. Bb2 Bg7 9. Na4 Bxb2 10. Nxb2 d6 11. c3 e5 12. Nc4 g4 13. Ne1 Be6 14. Ne3 Qh4 15. f4 exf4 16. Rxf4 Qg5 17. Rf2 h5 18. Bc4 O-O-O 19. Qe2 Nge7 20. N1c2 h4 21. Bxe6+ fxe6 22. Qxg4 Qe5 23. Nc4 Qh5 24. Qxe6+ Kc7 25. Rf7 Rh6 26. Rf6 Rxf6 27. Qxf6 h3 28. g3 Qe2 29. Qf1 Qxe4 30. d3 Qg6 31. Re1 Rh8 32. Qf4 Nd5 33. Qd2 Rf8 34. N2e3 Nxe3 35. Nxe3 Kb6 36. d4 Ka7 37. Nc4 Qf6 38. Qe3 cxd4 39. cxd4 Qxd4 40. Nxd6 Qxe3+ 41. Rxe3 Nd4 42. g4 Nf3+ 43. Kh1 Ng5 44. Nf5 Rc8 45. Kg1 Rc1+ 46. Kf2 Rc2+ 47. Re2 Rc1 48. Kg3 Rg1+ 49. Kf4 Nf7 50. Re7 Rf1+ 51. Kg3 Ng5 52. Kh4 Nf3+ 53. Kxh3 Ne1 54. Kg3 Rh1 55. Re2 Nd3 56. h4 Nc5 57. h5 Nd7 58. Rh2 Rg1+ 59. Kf2 Rxg4 60. h6 Nf6 61. Kf3 Rg5 62. Kf4 Rg4+ 63. Ke5 Nh7 64. Nd6 Kb6 65. Ne4 1-0


[Site "https://www.chess.com"]

[Event "Titled Tuesday Blitz March 21 Early 2023"]
[White "Decuigniere, Tom"]
[Black "Ohanyan, Emin"]
[WhiteFideId "26093820"]
[BlackFideId "13312022"]
[WhiteElo "2312"]
[BlackElo "2402"]
[Result "0-1"]
[Round "04"]
[TimeControl "180+2"]
[Date "2023.03.21"]
[WhiteClock "0:00:08"]
[BlackClock "0:00:32"]

1. c4 c6 2. e4 b5 3. cxb5 cxb5 4. Bxb5 Bb7 5. Nc3 Nf6 6. Bd3 d5 7. e5 d4 8. Bb5+ Nfd7 9. e6 fxe6 10. Qh5+ g6 11. Qe5 Rg8 12. Qxe6 dxc3 13. Qxg8 Bxg2 14. dxc3 Qb6 15. a4 Bxh1 16. Bh6 Nc6 17. O-O-O O-O-O 18. Be3 Bh6 19. Qe6 Bxe3+ 20. fxe3 Kc7 21. Ne2 Bf3 22. Qc4 Qxe3+ 23. Rd2 Ne5 0-1


[Site "https://www.chess.com"]

[Event "Titled Tuesday Blitz March 21 Early 2023"]
[White "Kukhmazov, Arsen"]
[Black "Jeet, Jain"]
[WhiteFideId "24108260"]
[BlackFideId "5073022"]
[WhiteElo "2378"]
[BlackElo "2067"]
[Result "1-0"]
[Round "04"]
[TimeControl "180+2"]
[Date "2023.03.21"]
[WhiteClock "0:00:05"]
[BlackClock "0:00:01"]

1. d4 Nf6 2. c4 g6 3. h4 h5 4. Nc3 d5 5. Bg5 Ne4 6. Nxd5 Nxg5 7. hxg5 Nc6 8. Nf3 Bg4 9. e3 Bg7 10. Be2 e6 11. Nc3 O-O 12. Ne4 Qe7 13. Nfd2 Bxe2 14. Qxe2 Rad8 15. O-O-O e5 16. d5 Na5 17. g4 hxg4 18. Qxg4 b5 19. Qh4 Rfe8 20. Nf6+ Kf8 21. Nde4 Qb4 22. d6 cxd6 23. Qh8+ Bxh8 24. Rxh8+ Kg7 25. Rh7+ Kf8 26. Rh8+ Kg7 27. Rxe8 Nxc4 28. Rh1 Qxb2+ 29. Kd1 Rxe8 30. Rh7+ Kf8 31. Rh8+ Kg7 32. Rh7+ Kf8 33. Rh8+ Kg7 34. Rxe8 Qb1+ 35. Ke2 Qc2+ 36. Kf3 Nd2+ 37. Kg2 Qxe4+ 38. Nxe4 Nxe4 39. Ra8 Nxg5 40. Rxa7 d5 41. Rb7 d4 42. Rxb5 Ne4 43. Rxe5 Nc3 44. exd4 Nxa2 45. Kf3 Kf6 46. Rc5 Nb4 47. Ke4 Ke6 48. Rb5 Nc2 49. d5+ Kd6 50. Rb6+ Ke7 51. Rc6 Ne1 52. Rc7+ Kf6 53. d6 1-0


[Site "https://www.chess.com"]

[Event "Titled Tuesday Blitz March 21 Early 2023"]
[White "Gukesh D"]
[Black "Safin, Robert"]
[WhiteFideId "46616543"]
[BlackFideId "34189120"]
[WhiteElo "2612"]
[BlackElo "2245"]
[Result "0-1"]
[Round "04"]
[TimeControl "180+2"]
[Date "2023.03.21"]
[WhiteClock "0:00:06"]
[BlackClock "0:00:05"]

1. d4 Nf6 2. c4 e6 3. Nf3 d5 4. Nc3 c5 5. cxd5 cxd4 6. Qxd4 exd5 7. Bg5 Be7 8. Rd1 O-O 9. e3 Nc6 10. Qa4 h6 11. Bxf6 Bxf6 12. Nxd5 Bxb2 13. Bb5 Be6 14. Nf4 Bc3+ 15. Ke2 Qe7 16. Nxe6 Qxe6 17. Rc1 Qf6 18. Bxc6 bxc6 19. Rc2 Rab8 20. Rhc1 Bb2 21. Rxc6 Qf5 22. Rd1 Bf6 23. Kf1 Rfd8 24. Rcc1 Rxd1+ 25. Rxd1 Rb2 26. Kg1 g5 27. h3 h5 28. Qe8+ Kg7 29. Rd7 Bc3 30. e4 Rb1+ 31. Kh2 Qf4+ 32. g3 Qxf3 0-1


[Site "https://www.chess.com"]

[Event "Titled Tuesday Blitz March 21 Early 2023"]
[White "MKlose11"]
[Black "Urazayev, Arystanbek"]
[BlackFideId "13709810"]
[WhiteElo "2603"]
[BlackElo "2479"]
[Result "0-1"]
[Round "04"]
[TimeControl "180+2"]
[Date "2023.03.21"]
[WhiteClock "0:01:52"]
[BlackClock "0:01:33"]

1. e4 e5 2. Nf3 Nc6 3. d4 exd4 4. Bc4 Nf6 5. O-O Nxe4 6. Re1 d5 7. Bxd5 Qxd5 8. Nc3 Qd7 9. Rxe4+ Be7 10. Nxd4 f5 11. Rf4 O-O 12. Nxc6 Qxd1+ 13. Nxd1 bxc6 14. Ra4 Bd6 15. Bf4 c5 16. Bxd6 cxd6 17. Ne3 Be6 18. Rd1 f4 19. Rxd6 fxe3 20. Rxe6 Rad8 0-1


[Site "https://www.chess.com"]

[Event "Titled Tuesday Blitz March 21 Early 2023"]
[White "Mekhitarian, Krikor Sevag"]
[Black "Pinheiro, Iung Alicio de O."]
[WhiteFideId "2107660"]
[BlackFideId "2104350"]
[WhiteElo "2604"]
[BlackElo "2283"]
[Result "1-0"]
[Round "04"]
[TimeControl "180+2"]
[Date "2023.03.21"]
[WhiteClock "0:01:01"]
[BlackClock "0:00:17"]

1. Nf3 d5 2. c4 c6 3. e3 Nf6 4. Nc3 g6 5. d4 Bg7 6. h3 O-O 7. Bd3 a6 8. O-O Bf5 9. Bxf5 gxf5 10. Qb3 Ra7 11. Qc2 e6 12. b3 Kh8 13. Ne5 Qe7 14. a4 Rg8 15. Ba3 Qe8 16. cxd5 cxd5 17. Ne2 Nbd7 18. Nd3 Ra8 19. Qc7 Qb8 20. Rfc1 Rc8 21. Qa5 b6 22. Qe1 Qb7 23. Nef4 Bf8 24. Bxf8 Rxf8 25. f3 Rfc8 26. Qh4 Rxc1+ 27. Rxc1 Rc8 28. Rxc8+ Qxc8 29. Kh2 Kg7 30. Ne5 Nxe5 31. dxe5 Ng8 32. Qg5+ Kf8 33. Nh5 Ne7 34. Qg7+ Ke8 35. Nf6+ Kd8 36. Qf8+ Kc7 37. Qxe7+ 1-0


[Site "https://www.chess.com"]

[Event "Titled Tuesday Blitz March 21 Early 2023"]
[White "Lukiyanchuk, Vladislav"]
[Black "Mikhailovsky, Vladimir"]
[WhiteFideId "14127113"]
[BlackFideId "34105414"]
[WhiteElo "2345"]
[BlackElo "2293"]
[Result "1-0"]
[Round "04"]
[TimeControl "180+2"]
[Date "2023.03.21"]
[WhiteClock "0:00:58"]
[BlackClock "0:01:33"]

1. d4 e6 2. Bf4 c5 3. dxc5 Bxc5 4. e4 Qb6 5. Nh3 Qxb2 6. Nd2 Nf6 7. Bd3 Nc6 8. O-O O-O 9. Nc4 Qb4 10. c3 Qxc3 11. Rc1 Qb4 12. a3 Qb5 13. e5 Nd5 14. Bxh7+ Kxh7 15. Qh5+ Kg8 16. Ng5 Rd8 17. Qxf7+ Kh8 18. Qh5+ Kg8 19. Qh7+ Kf8 20. Qh8+ Ke7 21. Qxg7+ Ke8 22. Qf7# 1-0


[Site "https://www.chess.com"]

[Event "Titled Tuesday Blitz March 21 Early 2023"]
[White "Zakhartsov, Vladimir"]
[Black "Kim, Sergey"]
[WhiteFideId "4145097"]
[BlackFideId "13700570"]
[WhiteElo "2521"]
[BlackElo "2597"]
[Result "1-0"]
[Round "04"]
[TimeControl "180+2"]
[Date "2023.03.21"]
[WhiteClock "0:00:21"]
[BlackClock "0:00:33"]

1. d4 Nf6 2. c4 g6 3. Nc3 Bg7 4. e4 d6 5. h3 O-O 6. Be3 e5 7. d5 a5 8. g4 Na6 9. Nge2 Nc5 10. Ng3 Bd7 11. Qd2 c6 12. O-O-O cxd5 13. Nxd5 Nxd5 14. Qxd5 Bc6 15. Qxd6 Qxd6 16. Rxd6 Nxe4 17. Nxe4 Bxe4 18. Rg1 Rfc8 19. Rb6 a4 20. Be2 Bd5 21. Kb1 Be4+ 22. Ka1 a3 23. f3 Bc6 24. Bc1 e4 25. Rf1 exf3 26. Bxf3 Bxf3 27. Rxf3 Rxc4 28. Kb1 Rac8 29. Rf1 axb2 30. Bxb2 Bxb2 31. Kxb2 Rc2+ 32. Kb1 R2c7 33. a4 Ra8 34. Rf4 Ra6 35. Rxa6 bxa6 36. Rf6 a5 37. Kb2 Rc4 38. Kb3 Rc5 39. Rb6 Kg7 40. Rb5 Rc8 41. Rxa5 Re8 42. Rc5 Re1 43. a5 Ra1 44. Kb4 Rb1+ 45. Ka4 Ra1+ 46. Kb5 Ra3 47. a6 Rxh3 48. a7 Ra3 49. Kb6 Rb3+ 50. Rb5 Ra3 51. Ra5 1-0


[Site "https://www.chess.com"]

[Event "Titled Tuesday Blitz March 21 Early 2023"]
[White "Hayrapetyan, Hovik"]
[Black "Sokac, Marko"]
[WhiteFideId "13302639"]
[BlackFideId "14531356"]
[WhiteElo "2348"]
[BlackElo "2355"]
[Result "0-1"]
[Round "04"]
[TimeControl "180+2"]
[Date "2023.03.21"]
[WhiteClock "0:00:24"]
[BlackClock "0:02:25"]

1. d4 Nf6 2. c4 e5 3. dxe5 Ng4 4. Nf3 Bc5 5. e3 Nc6 6. Be2 O-O 7. O-O Re8 8. Nc3 Ncxe5 9. Nxe5 Nxe5 10. b3 a5 11. Bb2 Ra6 12. Ne4 Ba7 13. c5 Rh6 14. h3 Qh4 15. f4 d6 16. Rf2 Bxh3 17. gxh3 Qxh3 18. Bf3 Nxf3+ 19. Qxf3 Qxf3 20. Rxf3 Rxe4 21. cxd6 Rxd6 0-1


[Site "https://www.chess.com"]

[Event "Titled Tuesday Blitz March 21 Early 2023"]
[White "Popov, Mikhail"]
[Black "Sanal, Vahap"]
[WhiteFideId "4146182"]
[BlackFideId "6300545"]
[WhiteElo "2270"]
[BlackElo "2606"]
[Result "0-1"]
[Round "04"]
[TimeControl "180+2"]
[Date "2023.03.21"]
[WhiteClock "0:00:06"]
[BlackClock "0:00:09"]

1. d4 d5 2. c4 c6 3. Nf3 Nf6 4. Nc3 e6 5. Qd3 dxc4 6. Qxc4 b5 7. Qd3 Bb7 8. e4 a6 9. Bg5 Be7 10. Be2 h6 11. Bh4 c5 12. e5 Nd5 13. Bxe7 Qxe7 14. dxc5 Nf4 15. Qd6 Nxg2+ 16. Kf1 Nf4 17. Rg1 g5 18. h4 Nc6 19. Ne4 Rd8 20. Qxe7+ Kxe7 21. Nd6 Ba8 22. a4 Nxe2 23. Kxe2 b4 24. hxg5 hxg5 25. Rxg5 Rdf8 26. Rag1 Rh3 27. R1g3 Rh1 28. Rg1 Rh3 29. Rg8 Rh5 30. R1g7 Nxe5 31. Nxe5 Rxe5+ 32. Kf1 Rxg8 33. Rxg8 Bf3 34. Rc8 Rd5 35. Kg1 f5 36. Kh2 f4 37. Rh8 Rd1 38. Rh7+ Kf6 39. Ne8+ Ke5 0-1


[Site "https://www.chess.com"]

[Event "Titled Tuesday Blitz March 21 Early 2023"]
[White "Real_OceanStorm"]
[Black "Ordekalog"]
[WhiteElo "2812"]
[BlackElo "2588"]
[Result "1-0"]
[Round "04"]
[TimeControl "180+2"]
[Date "2023.03.21"]
[WhiteClock "0:00:31"]
[BlackClock "0:00:05"]

1. e4 d5 2. exd5 Qxd5 3. Nc3 Qa5 4. d3 Nf6 5. Bd2 Nc6 6. Be2 Bf5 7. Nf3 O-O-O 8. a3 Nd4 9. Ng5 Bg6 10. b4 Qf5 11. O-O e6 12. Nf3 Nxe2+ 13. Nxe2 Bh5 14. Nf4 Bxf3 15. Qxf3 g5 16. Ne2 Qxf3 17. gxf3 Bg7 18. Bxg5 Rd5 19. Bd2 Rf5 20. f4 h5 21. Kh1 h4 22. Rab1 Nh5 23. Rg1 Bh6 24. Rg4 h3 25. Rh4 Rd8 26. Ng3 Nxg3+ 27. fxg3 Bf8 28. Rxh3 a5 29. Kg2 Rb5 30. Rh7 Rd7 31. Kf3 Kd8 32. a4 Rb6 33. b5 Ke8 34. Bxa5 Rbd6 35. Bb4 Rd4 36. Bxf8 Kxf8 37. Rh8+ Kg7 38. Ra8 b6 39. a5 Ra4 40. a6 1-0


[Site "https://www.chess.com"]

[Event "Titled Tuesday Blitz March 21 Early 2023"]
[White "Denishev, Marat"]
[Black "Averjanov, Alexey"]
[WhiteFideId "24131563"]
[BlackFideId "14109867"]
[WhiteElo "2302"]
[BlackElo "2810"]
[Result "0-1"]
[Round "04"]
[TimeControl "180+2"]
[Date "2023.03.21"]
[WhiteClock "0:01:26"]
[BlackClock "0:01:18"]

1. d4 d5 2. c4 dxc4 3. Nf3 Nf6 4. e3 e6 5. Bxc4 a6 6. O-O b5 7. Be2 Bb7 8. b3 Nbd7 9. Bb2 c5 10. Nc3 Be7 11. Rc1 O-O 12. Qc2 Rc8 13. Qb1 Qb6 14. Rfd1 Rfd8 15. Qa1 h6 16. a4 Bc6 17. a5 Qb7 18. Qb1 cxd4 19. Rxd4 Bc5 20. Rh4 Nf8 21. Rh3 Ng6 22. Bd3 Bxf3 23. Rxf3 Ne5 24. Rxf6 Nxd3 25. Rf3 Nxc1 26. Qxc1 b4 27. Na4 Bxe3 0-1


[Site "https://www.chess.com"]

[Event "Titled Tuesday Blitz March 21 Early 2023"]
[White "Kilic, Eray"]
[Black "Dehtiarov, Roman"]
[WhiteFideId "44517173"]
[BlackFideId "14186640"]
[WhiteElo "2328"]
[BlackElo "2162"]
[Result "0-1"]
[Round "04"]
[TimeControl "180+2"]
[Date "2023.03.21"]
[WhiteClock "0:00:08"]
[BlackClock "0:00:07"]

1. d4 Nf6 2. Nc3 d5 3. Bf4 e6 4. Nb5 Bd6 5. Nxd6+ cxd6 6. e3 O-O 7. c3 Nc6 8. h4 h6 9. Nf3 Re8 10. Bg3 e5 11. Be2 Bf5 12. Qa4 Qb6 13. Qb5 Qc7 14. O-O a6 15. Qb3 Bg4 16. Rfe1 Qe7 17. Rad1 Rad8 18. Bh2 Rd7 19. a4 Rdd8 20. Qa2 Qe6 21. c4 exd4 22. cxd5 Qxd5 23. Qxd5 Nxd5 24. Nxd4 Bxe2 25. Rxe2 Nb6 26. b3 Ne5 27. Nf5 d5 28. Red2 Re6 29. a5 Nc8 30. Rxd5 Rxd5 31. Rxd5 Nc6 32. Bf4 N8e7 33. Nxe7+ Rxe7 34. f3 f6 35. e4 g5 36. hxg5 hxg5 37. Be3 Kf7 38. Bb6 Ke6 39. Kf2 Ne5 40. Bd4 Nc6 41. Bc3 Rf7 42. b4 f5 43. Ke2 fxe4 44. fxe4 Rf4 45. Ke3 Rg4 46. Rd2 Rg3+ 47. Ke2 Rxc3 48. Rd5 Rc2+ 49. Kf3 Ne5+ 50. Kg3 Rc3+ 51. Kf2 Ng4+ 52. Ke2 Re3+ 53. Kd2 Rxe4 54. Rxg5 Rxb4 55. Rg6+ Kf5 56. Rg7 Rb5 57. Kc3 Nf6 58. Kc4 Ne4 59. Rf7+ Ke6 60. Rh7 Nd6+ 61. Kd4 Rxa5 62. Rh6+ Kd7 63. Rh1 Rg5 64. Rg1 Rg4+ 65. Ke5 Rg5+ 66. Kf4 Rg8 67. Ke5 b5 68. Rd1 Rg6 69. g4 Rg5+ 70. Kf4 Rc5 71. g5 Ke7 72. Rh1 Rc4+ 73. Ke5 Nf7+ 74. Kd5 Nxg5 75. Rh6 Ra4 76. Rb6 Nf7 77. Rb7+ Ke8 78. Ra7 Kf8 79. Ke6 Re4+ 80. Kf6 Rf4+ 81. Kg6 Ne5+ 82. Kg5 Rf1 83. Rxa6 Ke7 84. Rb6 Rb1 85. Kf5 Nc4 86. Rb8 Kd6 87. Ke4 Kc5 88. Kd3 Rb3+ 89. Kc2 Rh3 90. Rf8 Kb4 91. Rf2 Rc3+ 92. Kb1 Rh3 93. Kc2 Ka4 94. Rf4 Ka3 95. Rf2 b4 96. Rf8 Nb6 97. Rf5 Na4 98. Rb5 b3+ 99. Kd2 b2 100. Kc2 Rc3+ 101. Kd2 Rb3 0-1


[Site "https://www.chess.com"]

[Event "Titled Tuesday Blitz March 21 Early 2023"]
[White "Ljukin, Sergei"]
[Black "Galchenko, Matvey"]
[WhiteFideId "14102200"]
[BlackFideId "24175480"]
[WhiteElo "2312"]
[BlackElo "2404"]
[Result "0-1"]
[Round "04"]
[TimeControl "180+2"]
[Date "2023.03.21"]
[WhiteClock "0:00:01"]
[BlackClock "0:00:13"]

1. e4 e6 2. d4 d5 3. Nc3 Bb4 4. e5 Ne7 5. a3 Bxc3+ 6. bxc3 c5 7. h4 Qc7 8. h5 cxd4 9. cxd4 Qc3+ 10. Bd2 Qxd4 11. Nf3 Qe4+ 12. Be2 Nf5 13. O-O Nc6 14. Rb1 O-O 15. h6 gxh6 16. Bd3 Qg4 17. Qe1 b6 18. Nh2 Qg7 19. Bxf5 exf5 20. f4 Be6 21. Rf3 Ne7 22. Bb4 Ng6 23. Bxf8 Qxf8 24. Rc3 d4 25. Rf3 Qc5 26. Rf2 Rd8 27. Qb4 Qc6 28. Nf1 Qe4 29. Ng3 Qe3 30. Qd2 Qxd2 31. Rxd2 Nxf4 32. Rf2 Ng6 33. Nxf5 Nxe5 34. Nxh6+ Kf8 35. Nf5 Ng4 36. Rf4 Bxf5 37. Rxf5 Ne3 38. Rf4 Nxc2 39. Rd1 d3 40. Rd2 Nxa3 41. Ra4 Nb5 42. Rb4 Nc3 43. Rb3 Ne2+ 44. Kf2 Nf4 45. g3 Ne6 46. Rbxd3 Rc8 47. Rd7 a5 48. Rb7 Rc6 49. Rdd7 Ng5 50. Ke3 Kg7 51. Rbc7 Re6+ 52. Kf2 h5 0-1


[Site "https://www.chess.com"]

[Event "Titled Tuesday Blitz March 21 Early 2023"]
[White "Kuzmin, Roman"]
[Black "Pakleza, Zbigniew"]
[WhiteFideId "44134932"]
[BlackFideId "1119290"]
[WhiteElo "2146"]
[BlackElo "2410"]
[Result "1-0"]
[Round "04"]
[TimeControl "180+2"]
[Date "2023.03.21"]
[WhiteClock "0:00:04"]
[BlackClock "0:00:02"]

1. e4 d6 2. d4 Nf6 3. Nc3 c6 4. h4 b5 5. a3 e5 6. Nf3 Nbd7 7. h5 Be7 8. h6 g6 9. Be2 Bb7 10. O-O O-O 11. Bg5 Re8 12. Qd2 Qc7 13. Rad1 a5 14. b4 axb4 15. axb4 Bf8 16. Qd3 Ng4 17. dxe5 Ndxe5 18. Nxe5 Nxe5 19. Qg3 f6 20. Bxf6 Bxh6 21. f4 Nd7 22. Bg5 Bg7 23. f5 Be5 24. Bf4 Ra3 25. Bxe5 Nxe5 26. fxg6 hxg6 27. Rf6 Qb6+ 28. Kh2 Kg7 29. Rf4 Rh8+ 30. Rh4 Qd8 31. Rxh8 Qxh8+ 32. Kg1 Qf8 33. Rf1 Qd8 34. Qe3 Bc8 35. Qd4 Be6 36. Nb1 Ra2 37. Bd3 Qc7 38. Nc3 Qa7 39. Qxa7+ Rxa7 40. Kf2 Ra3 41. Ne2 Nxd3+ 42. cxd3 Rxd3 43. Nf4 Rd2+ 44. Ke3 Rb2 45. Nxe6+ Kg8 46. Rf8+ Kh7 47. Rf7+ Kh6 48. Rf8 Kh5 49. Rd8 Rxb4 50. Rxd6 Rb2 51. Rxc6 Rxg2 52. Nf4+ Kg4 53. Nxg2 1-0


[Site "https://www.chess.com"]

[Event "Titled Tuesday Blitz March 21 Early 2023"]
[White "TheKnightOfBosnia"]
[Black "Smirnov, Pavel"]
[BlackFideId "4123425"]
[WhiteElo "2531"]
[BlackElo "2519"]
[Result "0-1"]
[Round "04"]
[TimeControl "180+2"]
[Date "2023.03.21"]
[WhiteClock "0:01:08"]
[BlackClock "0:01:39"]

1. e4 e5 2. Nf3 Nc6 3. Bb5 a6 4. Ba4 Nf6 5. Nc3 b5 6. Bb3 Be7 7. O-O d6 8. h3 O-O 9. a3 Na5 10. Ba2 c5 11. d3 Be6 12. Nd5 Nxd5 13. exd5 Bd7 14. c3 Kh8 15. b4 Nb7 16. c4 a5 17. Bd2 axb4 18. axb4 f5 19. bxc5 Nxc5 20. d4 exd4 21. Nxd4 Bf6 22. Be3 b4 23. Qd2 b3 24. Bxb3 Rxa1 25. Rxa1 Bxd4 26. Bxd4 Nxb3 0-1


[Site "https://www.chess.com"]

[Event "Titled Tuesday Blitz March 21 Early 2023"]
[White "Mahdavi, Reza"]
[Black "Mortazavi, Ali"]
[WhiteFideId "12595926"]
[BlackFideId "401323"]
[WhiteElo "2208"]
[BlackElo "2339"]
[Result "1-0"]
[Round "04"]
[TimeControl "180+2"]
[Date "2023.03.21"]
[WhiteClock "0:00:33"]
[BlackClock "0:00:01"]

1. Nf3 Nf6 2. g3 g6 3. b3 Bg7 4. Bb2 O-O 5. Bg2 d6 6. d4 a5 7. c4 a4 8. O-O c6 9. Nc3 a3 10. Bc1 Qa5 11. Bd2 Qh5 12. h4 e5 13. dxe5 dxe5 14. Be3 Na6 15. Qc1 Bf5 16. Qxa3 Ng4 17. Bd2 e4 18. Ng5 e3 19. fxe3 Rad8 20. Qc1 Be5 21. Rf3 Nc5 22. b4 Ne6 23. Nh3 Nf6 24. Nf4 Nxf4 25. exf4 Bd4+ 26. Be3 Rfe8 27. Bxd4 Rxd4 28. Re3 Red8 29. Bf3 Bg4 30. Re5 Qh6 31. Qe3 Bxf3 32. Qxf3 Rxc4 33. Kg2 Qf8 34. a3 h5 35. Rd1 Rxd1 36. Nxd1 Rc2 37. Ne3 Ra2 38. f5 Qd6 39. Nc4 Qd4 40. fxg6 Qxc4 41. Qxf6 Rxe2+ 42. Rxe2 Qxe2+ 43. Qf2 Qe4+ 44. Qf3 Qc2+ 45. Kh3 Qxg6 46. Qf4 Qe6+ 47. Kh2 Kh7 48. Qd2 Qe4 49. a4 Kg6 50. Qg5+ Kh7 51. Qxh5+ Kg8 52. Qg5+ Kf8 53. Qd2 Qe6 54. b5 1-0


[Site "https://www.chess.com"]